 Dungeon Crawl Stone Soup version 0.23.1-37-gaa34b87b72 (webtiles) character file.

Game seed: 449122578387849580

205 1994 the Grave Robber (level 5, -1/38 HPs)
             Began as a Mummy Necromancer on Mar 26, 2019.
             Slain by Purgy (8 damage)
             ... on level 3 of the Dungeon.
             The game lasted 00:17:13 (3219 turns).

1994 the Grave Robber (Mummy Necromancer)           Turns: 3219, Time: 00:17:13

Health: -1/38      AC:  4    Str: 11    XL:     5   Next: 53%
Magic:  1/11       EV: 12    Int: 16    God:
Gold:   111        SH:  0    Dex: 12    Spells: 3/12 levels left

rFire    x . .     SeeInvis .   p - +0 dagger (pain)
rCold    + . .     Gourm    .   (no shield)
rNeg     + + +     Faith    .   c - +0 leather armour
rPois    ∞         Spirit   .   (no helmet)
rElec    .         Reflect  .   n - +0 cloak
rCorr    .         Harm     .   (no gloves)
MR       .....                  (no boots)
Stlth    +.........             (no amulet)
HPRegen  0.12/turn              (no ring)
MPRegen  0.12/turn              (no ring)

@: no status effects
A: no food or potions, fire vulnerability, cold resistance 1, negative energy
resistance 3, torment resistance, unbreathing
a: no special abilities


You were on level 3 of the Dungeon.
You were not hungry.

You visited 1 branch of the dungeon, and saw 3 of its levels.

You collected 111 gold pieces.

Inventory:

Hand Weapons
 o - a +0 hunting sling
 p - a +0 dagger of pain (weapon)
Armour
 a - a +0 robe
 c - a +0 leather armour (worn)
 h - a +0 ring mail
 n - a +0 cloak (worn)
Scrolls
 b - a scroll of blinking {unknown}
 d - a scroll of enchant weapon {unknown}
 e - a scroll of enchant armour {unknown}
 f - a scroll of magic mapping {unknown}
 g - a scroll of remove curse {unknown}
 i - a scroll of fog {unknown}
 j - a scroll of fear {unknown}
 k - a scroll of amnesia {unknown}
 m - a scroll of immolation {unknown}


   Skills:
 + Level 2.1 Fighting
 + Level 2.5 Dodging
 - Level 1.5 Stealth
 + Level 4.0 Spellcasting
 * Level 5.3 Necromancy


You had 3 spell levels left.
You knew the following spells:

 Your Spells              Type           Power        Failure   Level  Hunger
a - Pain                  Necr           ###.         2%          1    N/A
b - Animate Skeleton      Necr           N/A          2%          1    N/A
c - Vampiric Draining     Necr           ###.......   8%          3    N/A
d - Animate Dead          Necr           N/A          26%         4    N/A

Your spell library contained the following spells:

 Spells                   Type           Power        Failure   Level  Hunger
 Regeneration             Chrm/Necr      Unusable     N/A         3    N/A

Dungeon Overview and Level Annotations

Branches:
Dungeon (3/15)

Altars:

Annotations:
D:1 translucent rock 3 scrolls
D:2 exclusion: downstairs
D:3 Purgy


Innate Abilities, Weirdness & Mutations

You do not eat or drink.
Your flesh is vulnerable to fire.
You are immune to poison.
Your flesh is cold resistant. (rC+)
You are immune to negative energy. (rN+++)
You are immune to unholy pain and torment.
You can survive without breathing.


Message History

* * * LOW HITPOINT WARNING * * *
Purgy closely misses you.
Saving game... please wait.
Level annotation: Purgy Welcome back, 1994 the Mummy Necromancer.
Press ? for a list of commands and other information.
Level annotation: Purgy Welcome back, 1994 the Mummy Necromancer.
Press ? for a list of commands and other information.
Purgy looks around nervously.
Purgy hisses menacingly.
Unknown command.
There is a stone staircase leading up here.
Your magical contamination has completely faded away.
Things that are here:
a +0 trident; a +0 dagger
There is a stone staircase leading down here.
Cast which spell? (? or * to list)
You call on the dead to rise...
Nothing appears to happen.
Purgy bites you!
You die...

# #..........####.#.# #
#..........'....#.# #
######..........######.# #
#..............#...# #.# #
#.#########.##.#.#.###.# #
###.# #.##.#.#...#.# #
##...###### #............#
#
#......#..#######.......###
###............T@...<.....#
(...........>############.#
###.####.#...........).##.#
# #......#...#########.##.#
....#...........#....##.#
#..#.#......####.#..####.#
...#.#......# #.#...# #.#
###.#.#......# #.###.# #.#
... #..##..# #....<# #.#


You could see Purgy.

Vanquished Creatures
  An ice beast (D:2)
  4 adders (D:2)
  A gnoll (D:3)
  2 oozes
  5 dart slugs
  2 leopard geckos
  3 bats (D:2)
  2 giant cockroaches
  8 goblins
  6 hobgoblins
  A quokka (D:2)
  2 frilled lizards
  7 kobolds
  7 rats
51 creatures vanquished.

Vanquished Creatures (collateral kills)
  An ooze (D:2)
1 creature vanquished.

Grand Total: 52 creatures vanquished

Notes
Turn   | Place    | Note
-------+----------+-------------------------------------------
     0 | D:1      | 1994 the Mummy Necromancer began the quest for the Orb.
     0 | D:1      | Reached XP level 1. HP: 13/13 MP: 4/4
   103 | D:1      | Learned a level 1 spell: Animate Skeleton
   252 | D:1      | Reached XP level 2. HP: 20/20 MP: 2/5
  1083 | D:2      | Reached skill level 1 in Fighting
  1116 | D:2      | Reached XP level 3. HP: 23/26 MP: 3/7
  1155 | D:2      | Noticed an ice beast
  1806 | D:1      | Learned a level 3 spell: Vampiric Draining
  2127 | D:2      | Reached XP level 4. HP: 24/32 MP: 5/9
  2185 | D:2      | Killed an ice beast
  2185 | D:2      | Reached skill level 5 in Necromancy
  2185 | D:2      | Reached XP level 5. HP: 21/38 MP: 0/10
  2699 | D:2      | Found a faded altar of an unknown god.
  2771 | D:2      | Learned a level 4 spell: Animate Dead
  2858 | D:3      | Noticed Purgy
  3219 | D:3      | Slain by Purgy

Skill      XL: |  1  2  3  4  5 |
---------------+----------------+-----
Spellcasting   | 3 4 |  4.0
Fighting       | 1 2 |  2.1
Dodging        | 2 |  2.5
Necromancy     | 5 |  5.3
Stealth        | |  1.5

Action                   |  1- 3 |  4- 6 || total
-------------------------+-------+-------++-------
Melee: Unarmed           |     2 |       ||     2
       Dagger            |     6 |    13 ||    19
       Trident           |       |     1 ||     1
 Cast: Pain              |    70 |    51 ||   121
       Animate Skeleton  |     6 |       ||     6
       Vampiric Draining |       |     3 ||     3
       Animate Dead      |       |     1 ||     1
 Stab: Sleeping          |     3 |       ||     3
Armor: Robe              |     1 |       ||     1
       Leather armour    |     6 |     9 ||    15
       Ring mail         |       |     1 ||     1
Dodge: Dodged            |    20 |    23 ||    43
